 Dungeon Crawl Stone Soup version 0.19.1 (webtiles) character file.

70 Melicamp the Sneak (level 4, -2/21 HPs)
             Began as a Spriggan Enchanter on Dec 6, 2016.
             Killed by nerve-wracking pain
             ... invoked by an orc priest
              (6 damage)
             ... on level 3 of the Dungeon on Dec 14, 2016.
             The game lasted 00:11:18 (2347 turns).

Melicamp the Sneak (Spriggan Enchanter)             Turns: 2347, Time: 00:11:19

Health: -2/21      AC:  3    Str:  4    XL:     4   Next: 4%
Magic:  4/9        EV: 22    Int: 16    God:
Gold:   67         SH:  0    Dex: 17    Spells: 3 memorised, 2 levels left

rFire  . . .     SeeInvis +     a - +1 dagger
rCold  . . .     Gourm    .     b - +1 robe
rNeg   . . .     Faith    .     (shield restricted)
rPois  .         Spirit   .     (helmet restricted)
rElec  .         Reflect  .     (no cloak)
rCorr  .         Harm     .     (gloves unavailable)
MR     .....                    (boots unavailable)
Stlth  ++++......               (no amulet)
                                k - ring of stealth
                                i - +4 ring of evasion

@: very quick
A: unfitting armour, see invisible, herbivore 3, speed 3, slow metabolism 2
a: no special abilities


You were on level 3 of the Dungeon.
You were not hungry.

You visited 1 branch of the dungeon, and saw 3 of its levels.

You collected 67 gold pieces.

Inventory:

Hand Weapons
 a - a +1 dagger (weapon)
Armour
 b - a +1 robe (worn)
Jewellery
 i - a +4 ring of evasion (left hand)
 k - a ring of stealth (right hand)
Scrolls
 j - a scroll of remove curse
Potions
 f - a potion of magic
 m - a potion of curing
Books
 c - a book of Maledictions

   Spells                             Type                      Level
   a - Corona                         Hexes                        1
   b - Ensorcelled Hibernation        Hexes/Ice                    2
   c - Confuse                        Hexes                        3
   d - Tukima's Dance                 Hexes                        3
   e - Dazzling Spray                 Conjuration/Hexes            3
Comestibles
 d - a bread ration
 h - 3 fruits
 l - a slice of pizza


   Skills:
 * Level 4.3 Short Blades
 - Level 3.0 Dodging
 - Level 4.4 Stealth
 - Level 2.6 Spellcasting
 - Level 3.6 Hexes


You had 2 spell levels left.
You knew the following spells:

 Your Spells              Type           Power        Failure   Level  Hunger
a - Corona                Hex            ##.....      6%          1    #......
b - Ensorcelled Hibernat  Hex/Ice        #.....       17%         2    ##.....
c - Confuse               Hex            ##......     14%         3    ###....


Dungeon Overview and Level Annotations

Branches:
Dungeon (3/15)

Altars:
Fedhas
Uskayaw

Annotations:
D:2 exclusion: 2 downstairs


Innate Abilities, Weirdness & Mutations

You are very small and have problems with some larger weapons.
You are too small for most types of armour.
You have supernaturally acute eyesight. (SInv)
You are a herbivore.
You cover ground extremely quickly.
You need consume almost no food.


Message History

Okay, then.
The orc priest mumbles some strange prayers to Beogh against you.
Beogh smites you!
Ouch! That really hurt!
* * * LOW HITPOINT WARNING * * *
Casting: Confuse
Confirm with . or Enter, or press ? or * to list all spells.
Aiming: Ensorcelled Hibernation
Press: ? - help, Shift-Dir - straight line, f - orc priest
Aim: an orc priest, wielding a trident (chance to defeat MR: 38%)
The orc priest resists with some effort.
Casting: Ensorcelled Hibernation
Confirm with . or Enter, or press ? or * to list all spells.
Aiming: Confuse
Press: ? - help, Shift-Dir - straight line, f/p - orc priest
Aim: an orc priest, wielding a trident (chance to defeat MR: 44%)
The orc priest resists with some effort.
The orc priest invokes the aid of Beogh against you.
Pain shoots through your body!
You die...

.. .. #.........# #.# ...
#.........# #####.##.#
#..<......# .........#
#.........# .........#
##.......## ........##
.#.....## ..<......# #.....o.#
....(..#.##############....o.#
........_.......@....##...o..#
.......#.###########.o.......#
######...# ####......# #####
#......# #......# #.....<#
########


You could see an orc priest.

Vanquished Creatures
  An adder (D:2)
  A worm (D:2)
  3 dart slugs
  2 leopard geckos
  4 giant cockroaches
  4 goblins
  4 hobgoblins
  8 jackals
  A quokka (D:2)
  2 ball pythons
  5 bats
  A frilled lizard (D:2)
  6 kobolds
  5 rats
47 creatures vanquished.

Notes
Turn   | Place    | Note
-------+----------+-------------------------------------------
     0 | D:1      | Melicamp the Spriggan Enchanter began the quest for the Orb.
     0 | D:1      | Reached XP level 1. HP: 9/9 MP: 5/5
   150 | D:1      | Reached XP level 2. HP: 4/13 MP: 2/6
   360 | D:1      | Learned a level 2 spell: Ensorcelled Hibernation
  1058 | D:2      | Reached XP level 3. HP: 16/16 MP: 8/8
  2016 | D:2      | Reached XP level 4. HP: 21/21 MP: 9/9
  2021 | D:2      | Learned a level 3 spell: Confuse
  2110 | D:2      | Found a blossoming altar of Fedhas.
  2313 | D:3      | Found a hide-covered altar of Uskayaw.
  2347 | D:3      | Killed from afar by an orc priest

Skill      XL: |  1  2  3 |
---------------+----------+-----
Short Blades   | 2 3 4 |  4.3
Dodging        | |  3.0
Stealth        | |  4.4
Spellcasting   | |  2.6
Hexes          | |  3.6

Action                   |  1- 3 |  4- 6 || total
-------------------------+-------+-------++-------
Melee: Dagger            |   168 |     4 ||   172
 Cast: Corona            |    18 |       ||    18
       Ensorcelled Hiber |     5 |     3 ||     8
       Confuse           |       |     1 ||     1
  Use: Scroll            |     2 |     3 ||     5
 Stab: Sleeping          |    19 |     2 ||    21
Armor: Robe              |    19 |       ||    19
Dodge: Dodged            |   150 |     2 ||   152
